 Dungeon Crawl Stone Soup version 0.22-a0-348-gd16d1391c7 (webtiles) character file.

193 Manul the Sneak (level 5, -2/35 HPs)
             Began as an Octopode Assassin on Apr 7, 2018.
             Slain by an orc
             ... wielding a +0 war axe
              (5 damage)
             ... on level 3 of the Dungeon.
             The game lasted 00:02:51 (2563 turns).

Manul the Sneak (Octopode Assassin)                 Turns: 2563, Time: 00:02:51

Health: -2/35      AC:  1    Str: 10    XL:     5   Next: 72%
Magic:  5/5        EV: 13    Int: 13    God:
Gold:   154        SH:  0    Dex: 15    Spells: 4/4 levels left

rFire    . . .     SeeInvis .   e - +1 dagger (holy)
rCold    . . .     Gourm    .   (no shield)
rNeg     . . .     Faith    .   (helmet restricted)
rPois    .         Spirit   .   g - amulet of regeneration
rElec    .         Reflect  .   (no ring)
rCorr    .         Harm     .   (no ring)
MR       .....                  (no ring)
Stlth    +++++.....             (no ring)
HPRegen  0.51/turn              (no ring)
MPRegen  0.09/turn              (no ring)
                                (no ring)
                                (no ring)

@: no status effects
A: almost no armour, stealthy swim, amphibious, 8 rings, constrict 8, camouflage
1, gelatinous body 1
a: no special abilities


You were on level 3 of the Dungeon.
You were very hungry.

You visited 1 branch of the dungeon, and saw 3 of its levels.

You collected 154 gold pieces.

Inventory:

Hand Weapons
 a - a +2 dagger
 b - a +0 blowgun
 e - a +1 dagger of holy wrath (weapon)
Missiles
 c - 16 poisoned needles
 d - 2 curare-tipped needles
Jewellery
 g - an amulet of regeneration (around mantle)
Scrolls
 m - a scroll of remove curse {unknown}
 n - a scroll of enchant armour
 o - a scroll of teleportation {unknown}
 r - a scroll of noise {unknown}
Potions
 i - a potion of berserk rage {unknown}
 j - 2 potions of curing
 k - 3 potions of heal wounds {unknown}
 l - a potion of magic {unknown}
 p - a potion of might {unknown}
 q - a potion of invisibility {unknown}
Comestibles
 f - 4 rations


   Skills:
 + Level 2.7 Fighting
 + Level 3.1 Short Blades
 + Level 2.2 Throwing
 + Level 1.9 Dodging
 + Level 7.7 Stealth


You had 4 spell levels left.
You didn't know any spells.

Dungeon Overview and Level Annotations

Branches:
Dungeon (3/15)

Altars:
Cheibriados


Innate Abilities, Weirdness & Mutations

You cannot wear most types of armour.
You are very stealthy in the water. (Stealth+)
You are amphibious.
You can wear up to eight rings at the same time.
You can use your tentacles to constrict eight enemies at once.
Your skin changes colour to match your surroundings (Stealth+).
Your rubbery body absorbs attacks. (AC +1, EV +1)


Message History

The orc priest begins to cast a cantrip, but forgets the words!
The orc barely misses you. The orc hits you with a trident.
You closely miss the orc.
The orc shouts!
Your grab misses the orc.
You kill the orc!
You hear a shout!
The orc barely misses you.
The kobold throws a stone.
The stone misses you.
Found a murky puce potion.
There is a stone staircase leading up here.
You hit the orc but do no damage. You grab the orc.
You squeeze the orc, but do no damage. You constrict the orc.
The orc hits you with a war axe.
You release your grip on the orc.
The orc priest calls down the wrath of Beogh upon you.
Beogh smites you!
* * * LOW HITPOINT WARNING * * *
The orc hits you with a war axe.
You die...

# #.#.#.........#... #
#...#.............
#######.........#......#
..........##†##.(.....
........o.......##...
....###.#.o...o.##.#
....# #.###.)##....#
....... #...##.o###
....##. .....K..@#
........................
......[..(........#.....
.#.###............. ####
...# #...........>#.
!..........# ..........
# #.###.....#


You could see an orc priest, an orc and a kobold.

Vanquished Creatures
  An ice beast (D:3)
  Robin (D:2)
  An adder (D:2)
  A dart slug (D:1)
  2 leopard geckos
  An orc (D:3)
  2 giant cockroaches (D:1)
  16 goblins
  13 hobgoblins
  4 jackals (D:2)
  3 kobolds
  A quokka (D:2)
  6 ball pythons (D:1)
  10 bats
  5 frilled lizards
  5 rats
72 creatures vanquished.

Notes
Turn   | Place    | Note
-------+----------+-------------------------------------------
     0 | D:1      | Manul the Octopode Assassin began the quest for the Orb.
     0 | D:1      | Reached XP level 1. HP: 14/14 MP: 1/1
   210 | D:1      | Reached XP level 2. HP: 19/19 MP: 2/2
   221 | D:1      | Reached skill level 6 in Stealth
   528 | D:1      | Reached XP level 3. HP: 24/24 MP: 3/3
  1293 | D:2      | Noticed Robin
  1296 | D:2      | Reached XP level 4. HP: 30/30 MP: 4/4
  1461 | D:2      | Killed Robin
  1461 | D:2      | Reached skill level 7 in Stealth
  1722 | D:2      | Found a snail-covered altar of Cheibriados.
  2294 | D:3      | Noticed an ice beast
  2299 | D:3      | Killed an ice beast
  2299 | D:3      | Reached XP level 5. HP: 35/35 MP: 5/5
  2563 | D:3      | Slain by an orc

Vault maps used:
D:1:      dpeg_arrival_shrine, minmay_shallow_snake_nest
D:2:      cheibrodos_old_hovel, cheibriados_altar_1, first_ration,
          solitary_fountain, minmay_strange_pillars,
          corexii_item_surrounded_by_moat, uniq_robin

Skill      XL: |  1  2  3  4 |
---------------+-------------+-----
Stealth        | 6 7 |  7.7
Short Blades   | 3 |  3.1
Fighting       | |  2.7
Throwing       | |  2.2
Dodging        | |  1.9

Action                   |  1- 3 |  4- 6 || total
-------------------------+-------+-------++-------
Melee: Dagger            |    78 |    71 ||   149
       Constrict         |    13 |    24 ||    37
       Tentacles         |     7 |    18 ||    25
  Use: Scroll            |       |     2 ||     2
 Stab: Sleeping          |    15 |     7 ||    22
  Eat: Chunk             |     1 |     3 ||     4
Armor: Skin              |    11 |     2 ||    13
Dodge: Dodged            |    45 |    39 ||    84

Table legend:
 A = Spawn XP
 B = Non-spawn XP
 C = Spawn XP percentage of total XP
 D = Spawn monster count
 E = Non-spawn monster count
 F = Spawn count percentage of total count
 G = Total turns spent on level
                    A         B        C        D         E        F      G
               +---------+---------+-------+---------+---------+-------+---------
         Total |       0 |     277 |   0.0 |       0 |      72 |   0.0 |  2563
               +---------+---------+-------+---------+---------+-------+---------
           D:1 |       0 |      60 |   0.0 |       0 |      37 |   0.0 |  1297
           D:2 |       0 |      81 |   0.0 |       0 |      31 |   0.0 |  1215
           D:3 |       0 |     136 |   0.0 |       0 |       4 |   0.0 |    51
               +---------+---------+-------+---------+---------+-------+---------
